 Dungeon Crawl Stone Soup version 0.19.1-1-g22dce08 (webtiles) character file.

5996 theAP the Basher (level 10, -2/68 HPs)
             Began as a Gargoyle Fighter on Jan 11, 2017.
             Was a Priest of Qazlal.
             Slain by a hill giant
             ... wielding a +0 giant spiked club
              (27 damage)
             ... on level 10 of the Dungeon.
             The game lasted 00:24:24 (8146 turns).

theAP the Basher (Gargoyle Fighter)                 Turns: 8146, Time: 00:24:25

Health: -2/68      AC: 24    Str: 33    XL:     10   Next: 85%
Magic:  13/13      EV:  5    Int:  9    God:    Qazlal [***...]
Gold:   621        SH:  0    Dex:  9    Spells: 0 memorised, 9 levels left

rFire  . . .     SeeInvis .     O - +2 flail (holy)
rCold  . . .     Gourm    .     p - +0 plate armour
rNeg   + . .     Faith    .     c - +1 shield
rPois  ∞         Spirit   .     j - +2 helmet
rElec  +         Reflect  +     w - +1 cloak {+Inv}
rCorr  .         Harm     .     x - +0 pair of gloves
MR     .....                    (no boots)
Stlth  ..........               u - +3 amulet of reflection
                                R - +5 ring of strength
                                B - ring of flight

@: confused, mighty, exhausted, slowed, very slow
A: negative energy resistance 1, electricity resistance, unbreathing,
petrification resistance, rot immunity, AC +7
a: Upheaval, Elemental Force, Renounce Religion, Evoke Invisibility, Evoke
Flight


You were on level 10 of the Dungeon.
You worshipped Qazlal.
Qazlal was most pleased with you.
You were very hungry.

You visited 2 branches of the dungeon, and saw 11 of its levels.
You also visited: Ossuary.

You collected 621 gold pieces.

Inventory:

Hand Weapons
 a - a +1 flail
 A - the +2 rapier "Rosueh" {venom, Int+2}
   (You found it on level 8 of the Dungeon)

   It poisons the flesh of those it strikes.
   It affects your intelligence (+2).
 O - a +2 flail of holy wrath (weapon)
Armour
 c - a +1 shield (worn)
 j - a +2 helmet (worn)
 p - a +0 plate armour (worn)
 w - a +1 cloak of invisibility (worn)
 x - a +0 pair of gloves (worn)
 I - the +2 ring mail of Gluttony {rN+ SInv}
   (You found it on level 8 of the Dungeon)

   It protects you from negative energy.
   It lets you see invisible.
Jewellery
 q - an uncursed amulet of rage
 u - a +3 amulet of reflection (around neck)
 y - an uncursed amulet of the gourmand
 B - a ring of flight (left hand)
 R - a +5 ring of strength (right hand)
Wands
 b - a wand of slowing (16/48)
 z - a wand of slowing (0/48)
 G - a wand of random effects (16/48)
 H - a wand of confusion (15/48)
 T - a wand of flame (33/48)
Scrolls
 i - 3 scrolls of amnesia
 k - 4 scrolls of enchant weapon
 l - a scroll of remove curse
 n - 3 scrolls of recharging
 P - a scroll of teleportation
 Q - a scroll of identify
Potions
 d - a potion of might
 e - 4 potions of lignification
 g - 2 potions of magic
 h - 4 potions of agility
 o - a potion of beneficial mutation {unknown}
 r - 4 potions of brilliance
 s - a potion of haste {unknown}
 t - 2 potions of heal wounds
 v - 3 potions of curing
 C - 2 potions of flight
 D - a potion of cancellation
 N - a potion of mutation {unknown}
Books
 F - a book of Callings

   Spells                             Type                      Level
   a - Summon Small Mammal            Summoning                    1
   b - Call Imp                       Summoning                    2
   c - Call Canine Familiar           Summoning                    3
   d - Summon Guardian Golem          Hexes/Summoning              3
   e - Summon Lightning Spire         Summoning/Air                4
   f - Summon Ice Beast               Ice/Summoning                4
 S - a book of Misfortune

   Spells                             Type                      Level
   a - Confusing Touch                Hexes                        1
   b - Confuse                        Hexes                        3
   c - Gell's Gravitas                Hexes/Translocation          3
   d - Petrify                        Transmutation/Earth          4
   e - Metabolic Englaciation         Hexes/Ice                    5
   f - Yara's Violent Unravelling     Hexes/Transmutation          5
Comestibles
 f - 6 bread rations
 m - a meat ration
 J - 8 royal jellies
 K - 3 beef jerkies
 L - 7 fruits
 M - a slice of pizza


   Skills:
 + Level 10.1 Fighting
 * Level 12.1 Maces & Flails
 - Level 3.3 Armour
 - Level 4.3 Shields
 + Level 5.1 Invocations


You had 9 spell levels left.
You didn't know any spells.

Dungeon Overview and Level Annotations

Branches:
Dungeon (10/15)            Temple (1/1) D:4
   Lair: D:8-11         Orc: D:9-12

Altars:
Ashenzari
Cheibriados
Dithmenos
Elyvilon
Fedhas
Gozag
Hepliaklqana
Kikubaaqudgha
Makhleb
Nemelex Xobeh
Okawaru
Qazlal
Ru
Sif Muna
Trog
Uskayaw
Xom
Yredelemnul
Zin
The Shining One

Shops:
D:4 =   D:6 *

Annotations:
D:10 Erica, Sonja


Innate Abilities, Weirdness & Mutations

You are resistant to torment.
Your stone body is resilient. (AC +7)
You are immune to poison.
You resist negative energy. (rN+)
You are resistant to electric shocks. (rElec)
You can survive without breathing.
You are immune to petrification.
You are immune to rotting.


Message History

You kill the ice beast!
Qazlal accepts your kill.
Sonja gestures wildly while chanting.
Sonja blinks!
You hear some strange, mumbled words.
Something tries to affect you, but you resist.
The hill giant hits you with a giant spiked club!
You bump into the rock wall.
Something hits you but does no damage.
The hill giant hits you with a giant spiked club.
You bludgeon something!! Something hits you but does no damage.
Sonja shoots a curare-tipped needle.
The curare-tipped needle hits you.
The hill giant hits you with a giant spiked club!
Something hits you. Something burns you.
You're too confused!
An ice beast comes into view.
Sonja shoots a curare-tipped needle.
Something hits you but does no damage.
The hill giant hits you but does no damage.
You see here 2 curare-tipped needles.
The hill giant hits you with a giant spiked club!!
You die...

#>.........
###...#####
###........
#.....#####
#.....#
#....##
#....#
#...§###
#...@((#
#(<..C{#
#.....K...#
#.!...Y.###
###.......
#....##..
#....# .##
###... .
#.#. .


You could see a hill giant, Sonja and an ice beast.

Vanquished Creatures
  A cyclops (D:8)
  2 hornets (D:8)
  A two-headed ogre (D:8)
  Prince Ribbit (D:7)
  A hippogriff (D:9)
  Grum (D:8)
  A soldier ant (D:8)
  A water moccasin (D:8)
  Duvessa (D:5)
  A black bear (D:6)
  A sky beast (D:5)
  3 ice beasts
  A necrophage (D:9)
  2 orc warriors
  4 ogres
  3 wolves (D:8)
  3 phantoms
  2 centaurs
  Dowan (D:5)
  A scorpion (D:5)
  12 killer bees
  A howler monkey (D:5)
  6 crimson imps
  A bullfrog zombie (D:5)
  3 centaur zombies (Ossuary)
  A human zombie (Ossuary)
  A quasit (D:9)
  A centaur skeleton (D:5)
  2 jellies
  6 orc priests
  A bullfrog skeleton (D:5)
  11 orc wizards
  Jessica (D:2)
  An iguana (D:9)
  11 worker ants
  4 big kobold zombies (Ossuary)
  A hound zombie (Ossuary)
  A hound skeleton (D:7)
  3 mummies (Ossuary)
  A howler monkey zombie (D:6)
  4 gnolls (D:6)
  10 adders
  A shadow imp (D:5)
  An ooze (D:4)
  2 adder zombies (Ossuary)
  3 worms
  3 leopard geckos
  24 orcs
  5 giant cockroaches
  A gnoll zombie (Ossuary)
  11 goblins
  7 hobgoblins
  12 jackals
  10 kobolds
  5 quokkas
  2 ball pythons (D:1)
  5 bats
  5 frilled lizards
  3 goblin zombies (Ossuary)
  2 hobgoblin zombies (Ossuary)
  2 jackal skeletons
  4 jackal zombies (Ossuary)
  5 kobold zombies (Ossuary)
  A leopard gecko zombie (D:5)
  An orc zombie (Ossuary)
  A quokka skeleton (D:4)
  A quokka zombie (Ossuary)
  7 rats
  4 rat zombies (Ossuary)
243 creatures vanquished.

Vanquished Creatures (collateral kills)
  A hobgoblin zombie (Ossuary)
1 creature vanquished.

Vanquished Creatures (others)
  A centaur (D:9)
  A plant (D:3)
2 creatures vanquished.

Grand Total: 246 creatures vanquished

Notes
Turn   | Place    | Note
-------+----------+-------------------------------------------
     0 | D:1      | theAP the Gargoyle Fighter began the quest for the Orb.
     0 | D:1      | Reached XP level 1. HP: 14/14 MP: 1/1
   120 | D:1      | Reached XP level 2. HP: 17/19 MP: 2/2
   772 | D:2      | Noticed Jessica
   775 | D:2      | Found a hide-covered altar of Uskayaw.
   777 | D:2      | Reached XP level 3. HP: 24/24 MP: 3/3
   778 | D:2      | Found a white marble altar of Elyvilon.
   780 | D:2      | Killed Jessica
   780 | D:2      | Reached skill level 3 in Maces & Flails
   782 | D:2      | Found a glowing golden altar of the Shining One.
   905 | D:2      | Reached XP level 4. HP: 29/29 MP: 4/4
  1906 | D:3      | Reached XP level 5. HP: 33/33 MP: 5/5
  2601 | D:4      | Reached skill level 4 in Maces & Flails
  2681 | D:4      | Found a staircase to the Ecumenical Temple.
  2697 | Temple   | Entered the Ecumenical Temple
  2757 | Temple   | Became a worshipper of Qazlal Stormbringer
  2802 | D:4      | Found Pybon's Jewellery Emporium.
  2857 | D:5      | Entered Level 5 of the Dungeon
  2887 | D:5      | Reached XP level 6. HP: 34/39 MP: 6/6
  2922 | D:5      | Noticed Duvessa
  2922 | D:5      | Noticed Dowan
  2937 | D:5      | Killed Duvessa
  2937 | D:5      | Reached skill level 5 in Fighting
  2937 | D:5      | Reached skill level 5 in Maces & Flails
  2965 | D:5      | Killed Dowan
  3025 | D:5      | Reached XP level 7. HP: 40/44 MP: 7/7
  3088 | D:5      | Reached skill level 6 in Maces & Flails
  3231 | D:5      | Found a deep blue altar of Sif Muna.
  3231 | D:5      | Found a sand-covered staircase.
  3267 | Ossuary  | Entered an ossuary
  3356 | Ossuary  | Reached * piety under Qazlal
  3506 | Ossuary  | Reached XP level 8. HP: 46/51 MP: 8/8
  3521 | Ossuary  | Reached skill level 7 in Maces & Flails
  3677 | D:5      | Reached ** piety under Qazlal
  4332 | D:6      | Reached skill level 8 in Maces & Flails
  4382 | D:6      | Found an opulent altar of Gozag.
  4387 | D:6      | Found Gozag's Platinum Reserve.
  4648 | D:6      | Reached skill level 9 in Maces & Flails
  4658 | D:6      | Reached XP level 9. HP: 36/57 MP: 9/9
  4987 | D:6      | Noticed a moth of wrath
  4990 | D:6      | Found a bloodstained altar of Trog.
  5141 | D:7      | Reached *** piety under Qazlal
  5305 | D:7      | Found a glowing silver altar of Zin.
  5360 | D:7      | Reached skill level 10 in Maces & Flails
  5761 | D:7      | Noticed Prince Ribbit
  5774 | D:7      | Killed Prince Ribbit
  5774 | D:7      | Reached skill level 1 in Invocations
  6429 | D:8      | Reached XP level 10. HP: 65/66 MP: 11/11
  6492 | D:8      | Got a dazzling ring mail
  6508 | D:8      | Identified the +2 ring mail of Gluttony {rN+ SInv} (You found it on level 8 of the Dungeon)
  6557 | D:8      | Got a warped rapier
  6558 | D:8      | Identified the cursed +2 rapier "Rosueh" {venom, Int+2} (You found it on level 8 of the Dungeon)
  6568 | D:8      | Noticed Grum
  6590 | D:8      | Reached skill level 11 in Maces & Flails
  6603 | D:8      | Killed Grum
  6871 | D:8      | Reached **** piety under Qazlal
  7087 | D:9      | Noticed a cyclops
  7099 | D:8      | Killed a cyclops
  7441 | D:9      | Reached skill level 12 in Maces & Flails
  7581 | D:9      | Reached skill level 10 in Fighting
  7581 | D:9      | Reached skill level 5 in Invocations
  8095 | D:10     | Entered Level 10 of the Dungeon
  8125 | D:10     | Noticed Erica
  8130 | D:10     | Noticed Sonja
  8140 | D:10     | Noticed a hill giant
  8146 | D:10     | Slain by a hill giant

Skill      XL: |  1  2  3  4  5  6  7  8  9 10 |
---------------+-------------------------------+-----
Fighting       | 4 5 6 7 9 10 | 10.1
Maces & Flails | 3 4 5 6 9 10 12 | 12.1
Shields        | 4 |  4.3
Invocations    | 2 5 |  5.1
Armour         | |  3.3

Action                   |  1- 3 |  4- 6 |  7- 9 | 10-12 || total
-------------------------+-------+-------+-------+-------++-------
Melee: Flail             |    77 |   223 |   643 |   219 ||  1162
Invok: Upheaval          |       |       |       |     2 ||     2
  Use: Scroll            |     4 |     2 |     8 |     5 ||    19
       Potion            |       |       |     4 |     2 ||     6
  Eat: Chunk             |       |     4 |     8 |     3 ||    15
       Beef jerky        |       |     1 |       |       ||     1
       Pizza             |       |     1 |       |       ||     1
       Bread ration      |       |       |     1 |       ||     1
       Royal jelly       |       |       |       |     1 ||     1
Armor: Scale mail        |    47 |   108 |   110 |       ||   265
       Chain mail        |       |       |    97 |       ||    97
       Plate armour      |       |       |   106 |   108 ||   214
Dodge: Dodged            |    38 |    38 |    88 |    20 ||   184
Block: Shield            |    42 |   136 |   523 |   225 ||   926
       Reflection        |       |     1 |     3 |     5 ||     9
